 Dungeon Crawl Stone Soup version 0.28.0-53-g5a82cb258f (webtiles) character file.

Game seed: 281237540293521441

2233 firemarshallily the Frost Mage (level 9, 0/102 HPs)
             Began as a Merfolk Ice Elementalist on June 11, 2022.
             Was an Elder of Sif Muna.
             Slain by a two-headed ogre
             ... wielding a +2 dire flail of protection
              (11 damage)
             ... on level 6 of the Dungeon.
             The game lasted 00:28:07 (8571 turns).

firemarshallily the Frost Mage (MfIE)               Turns: 8571, Time: 00:28:07

Health: 0/102      AC: 32    Str:  8    XL:     9   Next: 36%
Magic:  0/19       EV:  2    Int: 18    God:    Sif Muna [****..]
Gold:   203        SH:  0    Dex: 13    Spells: 11/22 levels left

rFire   . . .      SeeInvis .   r - +0 spear
rCold   . . .      Faith    .   (no shield)
rNeg    . . .      Spirit   .   (armour currently unavailable)
rPois   +          Reflect  .   (helmet currently unavailable)
rElec   .          Harm     .   (cloak currently unavailable)
rCorr   .          Rampage  .   (gloves currently unavailable)
Will    +....      NoTele   +   (boots currently unavailable)
Stlth   +++.......              h - amulet of regeneration
HPRegen 1.07/turn               d - ring of willpower
MPRegen 0.16/turn               (no ring)

@: ice-armoured, tree-form, invisible
A: stationary, stasis, torment immunity, boosted hp, (nimble swimmer 2),
(mertail), clumsy 1, robust 1
a: Renounce Religion, Channel Magic, Forget Spell, Divine Exegesis


You were on level 6 of the Dungeon.
You worshipped Sif Muna.
Sif Muna was greatly pleased with you.
You were a tree.
You visited 1 branch of the dungeon, and saw 6 of its levels.

You collected 203 gold pieces.

Inventory:

Hand Weapons
 e - a +0 dagger
 r - a +0 spear (weapon)
Missiles
 c - 2 curare-tipped darts
 j - a throwing net
 n - 105 stones (quivered)
 q - 4 boomerangs
Armour
 k - a +0 pair of boots (melded)
 l - a +0 leather armour of fire resistance
 v - +0 steam dragon scales (melded)
Jewellery
 d - a ring of willpower (left branch)
 h - an amulet of regeneration (around neck)
Wands
 o - a wand of iceblast (2)
 t - a wand of digging (3)
Scrolls
 b - 2 scrolls of vulnerability
 p - 2 scrolls of teleportation
Potions
 f - a potion of invisibility
 g - 2 potions of flight
 i - a potion of resistance
Miscellaneous
 a - a box of beasts (inert)


   Skills:
 + Level 2.6 Fighting
 - Level 3.0 Polearms
 - Level 3.0 Dodging
 - Level 5.0 Stealth
 * Level 7.2 Spellcasting
 * Level 9.8 Ice Magic


You had 11 spell levels left.
You knew the following spells:

 Your Spells              Type           Power      Damage    Failure   Level
a - Freeze                Ice            100%       1d11      1%          1
b - Frozen Ramparts       Ice            82%        1d10      1%          3
c - Ozocubu's Armour      Ice            41%        N/A       1%          3
d - Hailstorm             Conj/Ice       24%        3d7       14%         4

Your spell library contained the following spells:

 Spells                   Type           Power      Damage    Failure   Level
 Ensorcelled Hibernation  Hex/Ice        48%        N/A       2%          2
 Beastly Appendage        Tmut           12%        N/A       11%         1
 Ice Form                 Ice/Tmut       24%        N/A       14%         4
 Passwall                 Tmut/Erth      5%         N/A       16%         2
 Summon Guardian Golem    Hex/Summ       6%         N/A       32%         3
 Swiftness                Air            6%         N/A       32%         3
 Yara's Violent Unravell  Hex/Tmut       3%         3d4       96%         5
 Orb of Destruction       Conj           3%         9d5       100%        7
 Spellforged Servitor     Conj/Summ      3%         N/A       100%        7


Dungeon Overview and Level Annotations

Branches:
Dungeon (6/15)
 Temple: D:4-7

Altars:
Ashenzari
Sif Muna
Xom

Annotations:
D:4 2 runed translucent doors


Innate Abilities, Weirdness & Mutations

You are a tree.
Your roots penetrate the ground, keeping you stationary.
You cannot be teleported.
You are immune to unholy pain and torment.
Your maximum health is greatly increased.
Your equipment is partially melded.
((You are very nimble when in or above water. (Stealth+, EV+, Speed+++)))
((Your lower body shifts to a powerful aquatic tail in water.))
You are clumsy. (Dex -2)
You are robust. (+10% HP)


Message History

The two-headed ogre hits you with a +2 dire flail of protection.
* * * LOW HITPOINT WARNING * * *
The two-headed ogre hits you but does no damage.
The killer bee zombie hits you but does no damage.
You hit the two-headed ogre but do no damage.
The two-headed ogre is moderately wounded.
The killer bee zombie hits you.
* * * LOW HITPOINT WARNING * * *
Casting: Freeze (safe; 1% risk of failure)
Confirm with . or Enter, or press ? or * to list all spells.
Aiming: Freeze (safe; 1% risk of failure)
Press: ? - help, Shift-Dir - straight line, f/p - two-headed ogre
Aim: a two-headed ogre, wielding a +2 dire flail of protection and a +0 giant club (moderately wounded)
You freeze the two-headed ogre.
The two-headed ogre is moderately wounded.
The killer bee zombie hits you but does no damage.
The two-headed ogre hits you with a +2 dire flail of protection!
* * * LOW HITPOINT WARNING * * *
The two-headed ogre hits you with a +0 giant club!
* * * LOW HITPOINT WARNING * * *
The killer bee zombie hits you but does no damage.
You open the lid... ...and a larval batsting beast flies out!
The box is emptied!
The killer bee zombie barely misses you.
The two-headed ogre hits you but does no damage. x2
The killer bee zombie hits you but does no damage.
Casting: Freeze (safe; 1% risk of failure)
Confirm with . or Enter, or press ? or * to list all spells.
Aiming: Freeze (safe; 1% risk of failure)
Press: ? - help, Shift-Dir - straight line, f/p - two-headed ogre
Aim: a two-headed ogre, wielding a +2 dire flail of protection and a +0 giant club (moderately wounded)
You freeze the two-headed ogre.
The two-headed ogre is heavily wounded.
Your larval batsting beast barely misses the killer bee zombie.
Your larval batsting beast closely misses the killer bee zombie.
The killer bee zombie hits you.
* * * LOW HITPOINT WARNING * * *
The two-headed ogre hits you with a +2 dire flail of protection!
You die...

#.#.######..#..# #.##.
# #.. .....#... #.##.
### ##e..... #.##.
#....... #.##.
#....#.############.##.
#......................
##.#<#)############.###
#O# #<# #.# #♣# #.# #.#
#Z# #.# #.# H..
#.#####.# .#.##
#.......# ..###
######### #. #. #


You could see a two-headed ogre, a killer bee zombie (ally target) and a
friendly larval batsting beast (summoned).

Vanquished Creatures
  Pikel (D:5)
  A steam dragon (D:4)
  Edmund (D:5)
  The ghost of bnorton916 the Magician, an amateur DEFE (D:4)
  Duvessa (D:6)
  2 sky beasts
  An ice beast (D:5)
  2 ogres
  A centaur (D:6)
  A phantom (D:5)
  2 scorpions
  Dowan (D:6)
  3 hounds
  A bullfrog skeleton (D:4)
  A centaur skeleton (D:2)
  2 iguanas
  Jessica (D:2)
  A hound skeleton (D:4)
  11 adders
  10 gnolls
  A white imp (D:5)
  2 ufetubi (D:4)
  2 adder skeletons (D:4)
  A worm (D:2)
  4 dart slugs
  10 orcs
  8 endoplasms
  8 giant cockroaches
  15 hobgoblins
  3 kobolds
  3 quokkas
  6 ball pythons
  6 bats
  2 frilled lizards
  5 goblins
  14 rats
135 creatures vanquished.

Vanquished Creatures (others)
  A bullfrog zombie (D:4)
1 creature vanquished.

Grand Total: 136 creatures vanquished

Notes
Turn   | Place    | Note
-------+----------+-------------------------------------------
     0 | D:1      | firemarshallily the Merfolk Ice Elementalist began the
                  | quest for the Orb.
     0 | D:1      | Reached XP level 1. HP: 13/13 MP: 3/3
   563 | D:1      | Reached XP level 2. HP: 14/19 MP: 5/5
   987 | D:1      | Reached XP level 3. HP: 24/24 MP: 6/6
  1098 | D:1      | Learned a level 3 spell: Frozen Ramparts
  1102 | D:1      | Learned a level 3 spell: Ozocubu's Armour
  1119 | D:1      | Found a faded altar of an unknown god.
  1122 | D:1      | Prayed at the altar of an unknown god.
  1122 | D:1      | Became a worshipper of Sif Muna the Loreminder
  1122 | D:1      | Reached * piety under Sif Muna
  1852 | D:2      | You fall into a shaft and drop 2 floors!
  1904 | D:4      | Reached skill level 5 in Ice Magic
  2117 | D:4      | Noticed a scorpion
  2144 | D:3      | Killed a scorpion
  2145 | D:3      | Reached XP level 4. HP: 21/30 MP: 0/8
  2282 | D:3      | Found a broken altar of Ashenzari.
  2374 | D:3      | Reached XP level 5. HP: 28/35 MP: 6/9
  2963 | D:2      | Noticed Jessica
  2971 | D:2      | Killed Jessica
  2978 | D:2      | Learned a level 4 spell: Hailstorm
  3292 | D:2      | Reached ** piety under Sif Muna
  3474 | D:2      | Reached skill level 6 in Ice Magic
  3474 | D:2      | Reached XP level 6. HP: 30/41 MP: 6/11
  5564 | D:4      | Found a large runed translucent door.
  5564 | D:4      | Found a large runed translucent door.
  5567 | D:4      | Found a large runed translucent door.
  5567 | D:4      | Found a large runed translucent door.
  5568 | D:4      | Noticed a steam dragon
  5605 | D:4      | Noticed a sky beast
  5611 | D:4      | Killed a sky beast
  5611 | D:4      | Reached *** piety under Sif Muna
  5612 | D:4      | Reached XP level 7. HP: 41/46 MP: 2/13
  5698 | D:4      | Got the Almanac of Transformation
  5777 | D:4      | Noticed bnorton916's ghost (amateur DEFE)
  5779 | D:4      | Found a transporter.
  5785 | D:4      | Found a transporter.
  6409 | D:5      | Entered Level 5 of the Dungeon
  6478 | D:5      | Reached skill level 1 in Polearms
  6478 | D:5      | Reached skill level 7 in Ice Magic
  6674 | D:5      | Reached skill level 5 in Spellcasting
  6877 | D:5      | Found a shimmering altar of Xom.
  6931 | D:5      | Reached XP level 8. HP: 8/52 MP: 15/15
  6996 | D:5      | Noticed Edmund
  7013 | D:5      | Killed Edmund
  7014 | D:5      | Reached skill level 5 in Stealth
  7180 | D:5      | Noticed Pikel
  7200 | D:5      | Killed Pikel
  7201 | D:5      | Reached skill level 8 in Ice Magic
  7767 | D:6      | Reached skill level 9 in Ice Magic
  7769 | D:6      | Reached skill level 1 in Fighting
  7769 | D:6      | Reached XP level 9. HP: 50/59 MP: 3/18
  8230 | D:4      | Killed bnorton916's ghost
  8532 | D:6      | Noticed Dowan
  8533 | D:6      | Noticed Duvessa
  8541 | D:6      | Killed Dowan
  8542 | D:6      | Reached **** piety under Sif Muna
  8544 | D:6      | Killed Duvessa
  8548 | D:6      | Noticed a two-headed ogre
  8565 | D:6      | Gained mutation: You are clumsy. (Dex -2) [potion of
                  | mutation]
  8565 | D:6      | Gained mutation: You are robust. (+10% HP) [potion of
                  | mutation]
  8571 | D:6      | Slain by a two-headed ogre

Illustrated notes

Levels and vault maps discovered:
D:1:      wander_arrival_estate, layout_basic,
          hellmonk_ecumenical_altar_inner_sanctum
D:2:      layout_loops_corners, minmay_vboxes, uniq_jessica
D:3:      layout_basic, evilmike_ruin_ashenzari
D:4:      layout_rooms, gammafunk_ghost_arena, minmay_hollow_rounded_squares
D:5:      layout_cave_pods, xom_butterflies, nrook_uturn, uniq_edmund,
          uniq_pikel
D:6:      layout_basic, minmay_temple_entry_ruins, ebering_ghost_gozag,
          uniq_duvessa

Skill      XL: |  1  2  3  4  5  6  7  8  9 |
---------------+----------------------------+-----
Dodging        | 3 |  3.0
Ice Magic      | 5 6 7 9 |  9.8
Spellcasting   | 3 4 5 6 7 |  7.2
Stealth        | 3 4 5 |  5.0
Polearms       | 2 3 |  3.0
Fighting       | 1 2 |  2.6

Action                   |  1- 3 |  4- 6 |  7- 9 || total
-------------------------+-------+-------+-------++-------
Melee: Dagger            |    70 |   149 |     8 ||   227
       Club              |    10 |       |       ||    10
       Unarmed           |     1 |       |       ||     1
       Punch             |       |     2 |     1 ||     3
       Spear             |       |       |   167 ||   167
Throw: Dart              |       |       |     1 ||     1
       Boomerang         |       |       |     1 ||     1
       Stone             |       |       |     1 ||     1
 Cast: Freeze            |    26 |    40 |    29 ||    95
       Ozocubu's Armour  |     2 |     5 |    17 ||    24
       Frozen Ramparts   |     1 |    12 |    23 ||    36
       Hailstorm         |       |       |     8 ||     8
Evoke: Box of beasts     |       |       |     1 ||     1
  Use: Scroll            |     2 |     2 |     6 ||    10
       Potion            |       |       |     5 ||     5
 Stab: Sleeping          |     4 |     5 |     3 ||    12
       Invisible         |       |       |     1 ||     1
Armor: Robe              |    16 |    50 |    70 ||   136
       Skin              |       |       |    15 ||    15
       Steam dragon scal |       |       |    13 ||    13
Dodge: Dodged            |    76 |   116 |   166 ||   358
